[Event "fics rated crazyhouse match"]
[Site "fics, Oklahoma City, OK USA"]
[Date "2000.12.25"]
[White "Lomboc"]
[WhiteElo "2201"]
[Black "LINDEGREN"]
[BlackElo "2355"]
[TimeControl "60+0"]
[Result "1-0"]

1. e4 Nf6 2. Nc3 Nc6 3. d4 d5 4. exd5 Nxd5 5. Nxd5 Qxd5 6. Nf3 
e6 7. N@e3 Qd8 8. Bb5 Bd7 9. O-O a6 10. Bd3 Bd6 11. c3 N@f4 
12. Ng4 Nxd3 13. Qxd3 B@f5 14. Qxf5 exf5 15. Nge5 P@e2 16. Re1 Bxe5 17. dxe5 
N@d3 18. Rxe2 Q@d1+ 19. B@e1 O-O 20. Re3 Nxe1 21. Rxe1 Qd5 22. Bg5 B@g4 
23. N@e3 Qe6 24. Bxd8 Bxf3 25. gxf3 N@h3+ 26. Kf1 Nxe5 27. P@g2 Raxd8 28. B@g3 
B@d3+ 29. P@e2 Nxf3 30. gxf3 P@g2+ 31. Kxg2 f4 32. P@g4 fxg3 33. hxg3 Ng5 
34. Rh1 B@h3+ 35. Kh2 P@g2 36. N@f4 Nxf3+ 37. exf3 gxh1=Q+ 38. Rxh1 
{LINDEGREN forfeits on time} 1-0

[Event "fics rated crazyhouse match"]
[Site "fics, Oklahoma City, OK USA"]
[Date "2000.12.25"]
[White "LINDEGREN"]
[WhiteElo "2344"]
[Black "Lomboc"]
[BlackElo "2212"]
[TimeControl "60+0"]
[Result "0-1"]

1. e4 e6 2. Nc3 d5 3. d4 dxe4 4. Nxe4 Nc6 5. Nf3 Be7 6. Bb5 
Bd7 7. O-O Nf6 8. Neg5 O-O 9. Bd3 P@g6 10. P@e5 Nd5 11. Nxh7 Kxh7 
12. P@h5 N@f4 13. Bxf4 Nxf4 14. Qd2 Nxh5 15. c4 P@g4 16. Ne1 Nxd4 17. f3 
gxf3 18. Nxf3 Nxf3+ 19. Rxf3 B@f4 20. Rxf4 Nxf4 21. Qxf4 Bg5 22. Qf1 P@e3 
23. N@g4 P@f2+ 24. Nxf2 exf2+ 25. Qxf2 N@g4 26. Qe2 Be3+ 27. P@f2 Bxf2+ 28. Kh1 
N@g3# 
{LINDEGREN resigns} 0-1

[Event "fics rated crazyhouse match"]
[Site "fics, Oklahoma City, OK USA"]
[Date "2000.12.25"]
[White "Lomboc"]
[WhiteElo "2223"]
[Black "LINDEGREN"]
[BlackElo "2333"]
[TimeControl "60+0"]
[Result "0-1"]

1. e4 Nf6 2. Nc3 Nc6 3. d4 d5 4. e5 Ne4 5. Bd3 Nxc3 6. bxc3 
e6 7. Nf3 N@e4 8. Bxe4 dxe4 9. Ng5 B@g6 10. N@f4 Be7 11. Nxg6 hxg6 
12. Nxe4 N@h4 13. Rg1 Nxe5 14. dxe5 Qxd1+ 15. Kxd1 Q@d5+ 16. Q@d3 P@c4 17. Qxd5 
exd5 18. P@d6 Bg4+ 19. B@f3 Nxf3 20. d7+ Kf8 21. gxf3 Bxf3+ 22. N@e2 Bxe2+ 
23. Kxe2 P@d3+ 24. Ke3 N@f5+ 25. Kf3 Q@e2+ 26. Kg2 B@f3# 
{Lomboc checkmated} 0-1

[Event "fics rated crazyhouse match"]
[Site "fics, Oklahoma City, OK USA"]
[Date "2000.12.25"]
[White "LINDEGREN"]
[WhiteElo "2339"]
[Black "Lomboc"]
[BlackElo "2217"]
[TimeControl "60+0"]
[Result "1-0"]

1. e4 e6 2. Nc3 d5 3. exd5 exd5 4. d4 Nf6 5. Nf3 Be7 6. Bb5+ 
Bd7 7. Bxd7+ Nbxd7 8. Qe2 O-O 9. P@h6 gxh6 10. Bxh6 P@e4 11. Ng5 B@g6 
12. P@e6 fxe6 13. Nxe6 Qe8 14. Nxc7 Qd8 15. Nxa8 Qxa8 16. P@g7 N@g4 17. B@e6# 
{Lomboc resigns} 1-0

[Event "fics rated crazyhouse match"]
[Site "fics, Oklahoma City, OK USA"]
[Date "2000.12.25"]
[White "Lomboc"]
[WhiteElo "2212"]
[Black "LINDEGREN"]
[BlackElo "2344"]
[TimeControl "60+0"]
[Result "0-1"]

1. e4 Nf6 2. Nc3 Nc6 3. d4 d5 4. e5 Ne4 5. Bd3 Nxc3 6. bxc3 
e6 7. Nf3 N@e4 8. Bxe4 dxe4 9. Ng5 B@g6 10. N@h4 Be7 11. Nxg6 hxg6 
12. Nxe4 N@h4 13. B@f1 Nxe5 14. dxe5 Qxd1+ 15. Kxd1 Q@d5+ 16. P@d3 Bd7 17. N@e3 
Qxe5 18. Nc4 Qh5+ 19. Be2 P@g4 20. N@g3 Qd5 21. Bxg4 P@f5 22. Ne3 Qc6 
23. Nd2 fxg4 24. Ndc4 Nxg2 25. Ne5 B@f3+ 26. P@e2 Nxe3+ 27. Bxe3 N@b2+ 28. Kd2 
Bxh1 29. Nxc6 Bdxc6 30. Nxh1 N@c4# 
{Lomboc forfeits on time} 0-1

[Event "fics rated crazyhouse match"]
[Site "fics, Oklahoma City, OK USA"]
[Date "2000.12.25"]
[White "LINDEGREN"]
[WhiteElo "2349"]
[Black "Lomboc"]
[BlackElo "2207"]
[TimeControl "60+0"]
[Result "0-1"]

1. e4 e6 2. Nc3 Nf6 3. d4 d5 4. exd5 Nxd5 5. Nf3 Bb4 6. Bd2 
Nc6 7. Bb5 Bd7 8. O-O Bxc3 9. bxc3 N@e4 10. P@b2 Nxd2 11. Qxd2 B@h5 
12. Bxc6 Bxc6 13. Ne5 P@f3 14. gxf3 Nxc3 15. Nxc6 bxc6 16. P@g2 Bxf3 17. bxc3 
Bxg2 18. B@g4 B@f3 19. B@h5 Bxg4 20. Bxg4 N@f3+ 21. Bxf3 Bxf3 22. B@h3 P@g4 
23. N@e5 gxh3 24. Nxf3 B@g2 25. Ne5 P@f6 26. Nc4 Bxf1 27. Kxf1 R@h1+ 28. Ke2 
Rxa1 29. B@f1 B@g2 30. Bxg2 hxg2 31. B@b4 B@f1+ 32. Ke3 R@h3+ 33. f3 B@h6+ 
34. B@f4 Re1+ 35. N@e2 Bxf4+ 36. Kxf4 Rxe2 37. Qxe2 N@g6# 
{LINDEGREN forfeits on time} 0-1

[Event "fics rated crazyhouse match"]
[Site "fics, Oklahoma City, OK USA"]
[Date "2000.12.25"]
[White "Lomboc"]
[WhiteElo "2218"]
[Black "LINDEGREN"]
[BlackElo "2338"]
[TimeControl "60+0"]
[Result "0-1"]

1. e4 Nf6 2. Nc3 Nc6 3. d4 d5 4. exd5 Nxd5 5. Nf3 e6 6. Bb5 
Bb4 7. O-O P@a3 8. Nxd5 exd5 9. Bxc6+ bxc6 10. P@b3 axb2 11. Bxb2 B@e4 
12. N@g5 O-O 13. P@e5 P@g4 14. Nxe4 dxe4 15. Nd2 Bxd2 16. Qxd2 N@f3+ 17. gxf3 
exf3 18. N@f4 P@g2 19. Rfe1 Qg5 20. B@f6 Qh6 21. N@e7+ Kh8 22. Bxg7+ Qxg7 
23. B@f6 B@h6 24. Bxg7+ Bxg7 25. P@f6 B@h6 26. fxg7+ Bxg7 27. B@f6 N@e8 28. Bxg7+ 
Nxg7 29. B@f6 B@h6 30. Bxg7+ Bxg7 31. N@f5 N@h3+ 32. Nxh3 gxh3 33. N@g5 B@g6 
34. Nxg6+ fxg6 35. B@f6 Bxf5 36. Bxg7+ Kxg7 37. B@f6+ Rxf6 38. exf6+ Kh6 39. Q@g7+ 
Kh5 40. Qxh7+ P@h6 41. R@h4+ Kxh4 42. Qxh6+ R@h5 43. Nxf3+ Kg4 
{Lomboc forfeits on time} 0-1

[Event "fics rated crazyhouse match"]
[Site "fics, Oklahoma City, OK USA"]
[Date "2000.12.25"]
[White "LINDEGREN"]
[WhiteElo "2343"]
[Black "Lomboc"]
[BlackElo "2213"]
[TimeControl "60+0"]
[Result "1-0"]

1. e4 e6 2. Nc3 d5 3. d4 dxe4 4. Nxe4 Nc6 5. Nf3 Be7 6. Bb5 
Bd7 7. O-O Nf6 8. Neg5 O-O 9. P@e5 Nd5 10. Nxh7 Kxh7 11. Bxc6 Bxc6 
12. N@g5+ Kg8 13. c4 Nb6 14. P@g6 fxg6 15. Nxe6 Qe8 16. P@h7+ Kxh7 17. Nfg5+ 
Kh8 18. Nxc7 Bxg5 19. Nxe8 Bxe8 20. Bxg5 N@e4 21. P@f6 Nxg5 22. fxg7+ Kxg7 
23. B@f6+ Rxf6 24. exf6+ Kxf6 25. Q@e5+ Kf7 26. R@g7+ Kf8 27. Qe7# 
{Lomboc checkmated} 1-0

[Event "fics rated crazyhouse match"]
[Site "fics, Oklahoma City, OK USA"]
[Date "2000.12.25"]
[White "Lomboc"]
[WhiteElo "2208"]
[Black "LINDEGREN"]
[BlackElo "2348"]
[TimeControl "60+0"]
[Result "0-1"]

1. e4 Nf6 2. Nc3 Nc6 3. d4 e5 4. dxe5 Nxe5 5. Nf3 Neg4 6. Bc4 
Bd6 7. P@f4 P@e5 8. fxe5 Nxe5 9. Nxe5 Bxe5 10. P@d4 N@h4 11. dxe5 Nxg2+ 
12. Kf1 O-O 13. exf6 Qxf6 14. B@f3 Nh4 15. Nd5 Qxf3 16. Qxf3 Nxf3 17. N@h6+ 
gxh6 18. Nf6+ Kh8 19. Bxh6 P@g2+ 20. Ke2 N@d4+ 21. Ke3 Q@d2# 
{Lomboc checkmated} 0-1

[Event "fics rated crazyhouse match"]
[Site "fics, Oklahoma City, OK USA"]
[Date "2000.12.25"]
[White "LINDEGREN"]
[WhiteElo "2353"]
[Black "Lomboc"]
[BlackElo "2203"]
[TimeControl "60+0"]
[Result "1-0"]

1. e4 d6 2. Nc3 e5 3. d4 exd4 4. Qxd4 Nc6 5. Qd1 Nf6 6. Nf3 
Bg4 7. Bd3 Ne5 8. Be2 Bxf3 9. Bxf3 Nxf3+ 10. Qxf3 B@g4 11. Qe3 P@e5 
12. B@f5 Bxf5 13. exf5 N@d4 14. O-O Nxc2 15. B@a4+ B@d7 16. Bxc2 P@d4 17. Qe1 
dxc3 18. bxc3 Be7 19. N@g5 O-O 20. P@g6 hxg6 21. fxg6 fxg6 22. Bxg6 P@f7 
23. P@h7+ Kh8 24. Nxf7+ Rxf7 25. Bxf7 P@f3 26. R@g8+ Nxg8 27. hxg8=Q+ Qxg8 28. N@g6+ 
Kh7 29. Bxg8+ Kxg8 30. Q@h8+ Kf7 31. Nxe5+ dxe5 32. Qh5+ B@g6 33. Qxf3+ R@f6 
34. N@g5+ Kf8 35. Qd5 Bc6 36. Qdd1 Bxg2 37. P@f5 N@h3+ 38. Kxg2 N@f4+ 39. Bxf4 
Nxf4+ 40. Kf3 Rxf5 41. Ke3 N@c5 42. Kd2 
{Lomboc forfeits on time} 1-0

[Event "fics rated crazyhouse match"]
[Site "fics, Oklahoma City, OK USA"]
[Date "2000.12.25"]
[White "Lomboc"]
[WhiteElo "2198"]
[Black "LINDEGREN"]
[BlackElo "2358"]
[TimeControl "60+0"]
[Result "1-0"]

1. d4 Nf6 2. Nc3 Nc6 3. Nf3 d5 4. Bg5 e6 5. e3 Be7 6. Bb5 
O-O 7. O-O Ne4 8. Bxe7 Qxe7 9. Bxc6 Nxc3 10. bxc3 bxc6 11. Ne5 B@d7 
12. B@b4 B@d6 13. N@h5 Bxb4 14. cxb4 B@g6 15. Nxg7 Kxg7 16. Ng4 f5 17. P@f6+ 
Rxf6 18. Nxf6 P@d6 19. N@h5+ Bxh5 20. Nxh5+ Kh8 21. B@g7+ Qxg7 22. Nxg7 Ba6 
23. B@h6 B@f6 24. Nh5 Rg8 25. Nxf6 N@h3+ 26. Kh1 Bxf1 27. B@g7+ Rxg7 28. Bxg7+ 
Kxg7 29. R@g8+ Kxf6 30. Q@g7# 
{LINDEGREN checkmated} 1-0

[Event "fics rated crazyhouse match"]
[Site "fics, Oklahoma City, OK USA"]
[Date "2000.12.25"]
[White "LINDEGREN"]
[WhiteElo "2347"]
[Black "Lomboc"]
[BlackElo "2209"]
[TimeControl "60+0"]
[Result "0-1"]

1. e4 e6 2. Nc3 Nf6 3. d4 d5 4. exd5 Ne4 5. Nf3 Nxc3 6. bxc3 
exd5 7. Bb5+ Bd7 8. Qe2+ P@e6 9. Bxd7+ Nxd7 10. P@f5 B@e4 11. fxe6 fxe6 
12. P@f7+ Kxf7 13. N@e5+ Ke7 14. B@h4+ P@f6 15. Nxd7 Qxd7 16. Ne5 Qe8 17. f3 
P@d6 18. fxe4 dxe5 19. dxe5 dxe4 20. Qxe4 P@f5 21. exf6+ Kd7 22. P@c6+ bxc6 
23. N@e5+ Kc8 24. P@d7+ Qxd7 25. Nxd7 fxe4 26. Nxf8 Rxf8 27. B@e2 P@f3 28. P@a6 
fxe2 29. B@b7+ Kb8 30. Q@d2 Q@d1+ 31. Qxd1 exd1=Q+ 32. Kxd1 P@e2+ 33. Ke1 Q@d1+ 
34. Kf2 Rxf6+ 35. Bxf6 N@g4+ 36. Kg3 e1=Q+ 37. Kh3 N@f2+ 38. Kh4 N@g6+ 39. Kg5 
h6+ 40. Kh5 N@f4+ 41. Bxf4 Nxf4+ 42. Kh4 B@g5+ 43. Kg3 P@h4# 
{LINDEGREN checkmated} 0-1

[Event "fics rated crazyhouse match"]
[Site "fics, Oklahoma City, OK USA"]
[Date "2000.12.25"]
[White "Lomboc"]
[WhiteElo "2220"]
[Black "LINDEGREN"]
[BlackElo "2336"]
[TimeControl "60+0"]
[Result "1-0"]

1. e4 Nf6 2. Nc3 Nc6 3. d4 d5 4. exd5 Nxd5 5. Nxd5 Qxd5 6. Nf3 
e6 7. N@e3 Bb4+ 8. P@c3 Qd8 9. cxb4 Nxb4 10. Bd2 Nd5 11. Nxd5 exd5 
12. Bb5+ P@c6 13. Be2 Qe7 14. O-O P@h3 15. gxh3 Bxh3 16. Re1 P@e4 17. Ne5 
O-O 18. N@f4 Be6 19. P@g2 N@f5 20. B@g4 N@f6 21. Bxf5 Bxf5 22. N@g3 B@e6 
23. Nxe6 fxe6 24. Bg5 N@f7 25. Nxf5 exf5 26. Nxf7 Rxf7 27. Bxf6 Rxf6 28. B@h4 
N@f4 29. B@g5 N@g6 30. Bxf4 Nxf4 31. N@e5 B@h6 32. Bg3 Nxe2+ 33. Qxe2 B@g4 
34. Nxg4 fxg4 35. Qxg4 B@f5 36. Qd1 Qf7 37. N@e3 Qf8 38. Nxf5 Rxf5 39. B@e6+ 
Kh8 40. Bxf5 Qxf5 41. N@h4 Qf7 42. B@f5 B@f3 43. P@e6 Bxd1 44. exf7 N@h3+ 
45. gxh3 N@f3+ 46. Nxf3 Bxf3 47. R@g8+ Rxg8 48. fxg8=Q+ Kxg8 49. Be6+ P@f7 50. Q@e8+ 
R@f8 51. Bxf7+ Kh8 52. Qxf8# 
{LINDEGREN resigns} 1-0

[Event "fics rated crazyhouse match"]
[Site "fics, Oklahoma City, OK USA"]
[Date "2000.12.25"]
[White "LINDEGREN"]
[WhiteElo "2325"]
[Black "Lomboc"]
[BlackElo "2231"]
[TimeControl "60+0"]
[Result "1-0"]

1. e4 e6 2. Nc3 Nf6 3. d4 d5 4. exd5 Nxd5 5. Nf3 Nc6 6. Bb5 
Bd7 7. O-O Be7 8. Bxc6 Bxc6 9. N@h5 Rg8 10. Nxd5 Bxd5 11. N@e5 P@f6 
12. P@d7+ Kf8 13. c4 Bxf3 14. Nxf3 B@g4 15. Nxg7 Rxg7 16. B@h6 N@f5 17. Bxg7+ 
Nxg7 18. R@h8+ B@g8 19. P@h6 Nf5 20. Ne5 Bxd1 21. Rxd1 N@h5 22. d5 fxe5 
23. dxe6 N@h3+ 24. gxh3 N@f3+ 25. Kh1 fxe6 26. P@g7+ Nfxg7 27. hxg7+ Nxg7 28. Rxg8+ 
Kxg8 29. N@h6+ Kf8 30. B@g2 P@e2 31. Rg1 Nxg1 32. Be3 Nxh3 33. Bxh3 R@d1+ 
34. Rxd1 exd1=Q+ 35. B@f1 Qxf1+ 36. Bxf1 R@g1+ 37. Kxg1 R@g6+ 38. P@g5 Rxh6 39. R@g8# 
{Lomboc forfeits on time} 1-0

[Event "fics rated crazyhouse match"]
[Site "fics, Oklahoma City, OK USA"]
[Date "2000.12.25"]
[White "Lomboc"]
[WhiteElo "2225"]
[Black "LINDEGREN"]
[BlackElo "2331"]
[TimeControl "60+0"]
[Result "1-0"]

1. e3 Nf6 2. d4 Nc6 3. Nf3 d5 4. Bb5 e6 5. Ne5 Bd7 6. Nxd7 
Nxd7 7. Bxc6 bxc6 8. Nc3 Bb4 9. Bd2 Bxc3 10. Bxc3 N@e4 11. O-O Nxc3 
12. bxc3 N@e4 13. B@e1 B@b2 14. B@b4 B@d6 15. Rb1 Bxb4 16. cxb4 Bc3 17. N@c5 
Ndxc5 18. bxc5 Bxe1 19. Qxe1 B@d2 20. Qe2 N@c3 21. Qg4 B@g6 22. B@e5 f6 
23. Bxc7 Qxc7 24. P@d6 Qf7 25. N@c7+ Kf8 26. Nxa8 B@e2 27. Rb8+ Qe8 28. B@e7+ 
Kf7 29. Rxe8 Rxe8 30. Qxe6+ Kxe6 31. N@f4+ Kf5 32. Q@e6+ Kg5 33. h4+ Kh6 
34. P@g5+ fxg5 35. Bxg5+ Nxg5 36. hxg5+ Kxg5 37. N@h3+ Kh4 38. g3# 
{LINDEGREN checkmated} 1-0

[Event "fics rated crazyhouse match"]
[Site "fics, Oklahoma City, OK USA"]
[Date "2000.12.25"]
[White "LINDEGREN"]
[WhiteElo "2321"]
[Black "Lomboc"]
[BlackElo "2235"]
[TimeControl "60+0"]
[Result "1-0"]

1. e4 Nf6 2. Nc3 d5 3. exd5 Nxd5 4. d4 e6 5. Nf3 Nc6 6. Bb5 
Bd7 7. O-O P@f6 8. Nxd5 exd5 9. Qe2+ Be7 10. N@h5 Rg8 11. P@h6 Be6 
12. Nxg7+ Kd7 13. P@a6 bxa6 14. Bxc6+ Kxc6 15. Nxe6 fxe6 16. Qxe6+ Bd6 17. N@b4+ 
Kb6 18. Nxd5+ Kb7 19. B@c6+ Kxc6 20. Nb4+ Kb7 21. P@c6+ Kb8 22. Nxa6# 
{Lomboc checkmated} 1-0

[Event "fics rated crazyhouse match"]
[Site "fics, Oklahoma City, OK USA"]
[Date "2000.12.25"]
[White "Lomboc"]
[WhiteElo "2229"]
[Black "LINDEGREN"]
[BlackElo "2327"]
[TimeControl "60+0"]
[Result "0-1"]

1. e4 Nf6 2. Nc3 Nc6 3. d4 d5 4. exd5 Nxd5 5. Nxd5 Qxd5 6. Nf3 
e6 7. N@e3 Qd8 8. Bb5 Bd7 9. O-O Be7 10. Ng4 P@f5 11. Bxc6 Bxc6 
12. Nge5 O-O 13. Nxc6 bxc6 14. P@h6 B@f6 15. hxg7 Bxg7 16. P@h6 Bef6 17. hxg7 
Bxg7 18. B@e5 f6 19. B@h6 Rf7 20. Bxg7 Rxg7 21. N@h5 Rg6 22. Bxf6 Rxf6 
23. Nxf6+ Qxf6 24. B@e5 P@g7 25. Bxf6 gxf6 26. P@h6 B@f8 27. R@g3+ P@g6 28. Rxg6+ 
hxg6 29. P@g7 Bxg7 30. hxg7 Kxg7 31. B@h6+ Kf7 32. Q@g7+ Ke8 33. Qxf6 B@e7 
34. P@f7+ Kd7 35. Qxg6 B@d6 36. f8=Q Bxf8 37. Bxf8 Rxf8 38. Ne5+ Bxe5 39. dxe5+ 
B@d5 40. P@c4 N@h3+ 41. Kh1 R@g1+ 42. Rxg1 Nxf2# 
{Lomboc checkmated} 0-1

[Event "fics rated crazyhouse match"]
[Site "fics, Oklahoma City, OK USA"]
[Date "2000.12.25"]
[White "LINDEGREN"]
[WhiteElo "2333"]
[Black "Lomboc"]
[BlackElo "2223"]
[TimeControl "60+0"]
[Result "0-1"]

1. e4 e6 2. Nc3 Nf6 3. d4 d5 4. exd5 Nxd5 5. Nf3 Bb4 6. Bd2 
Bxc3 7. bxc3 N@e4 8. P@b2 Nxd2 9. Bd3 Nxf3+ 10. Qxf3 B@g6 11. B@e5 P@f6 
12. O-O fxe5 13. dxe5 N@h4 14. Qg4 B@f5 15. Bxf5 exf5 16. Qe2 Nxg2 17. P@h6 
gxh6 18. N@g7+ Kf8 19. B@f6 Nxf6 20. exf6 Qxf6 21. N@h5 Bxh5 22. Nxh5 Nf4 
23. Qe8+ Kxe8 24. Nxf6+ Ke7 25. Q@e5+ N@e6 26. B@f3 P@e4 27. Nxe4 fxe4 28. Qxh8 
exf3 29. R@e8+ Kd7 30. P@g2 N@e2+ 31. Kh1 fxg2# 
{LINDEGREN checkmated} 0-1

[Event "fics rated crazyhouse match"]
[Site "fics, Oklahoma City, OK USA"]
[Date "2000.12.25"]
[White "Lomboc"]
[WhiteElo "2233"]
[Black "LINDEGREN"]
[BlackElo "2323"]
[TimeControl "60+0"]
[Result "0-1"]

1. e3 Nf6 2. d4 Nc6 3. Nf3 d5 4. Bb5 Bg4 5. h3 Bxf3 6. Qxf3 
N@h4 7. Qg3 Nf5 8. Qf3 e6 9. Bxc6+ bxc6 10. O-O B@e4 11. Qe2 Bxg2 
12. Kxg2 Nh4+ 13. Kh2 P@f3 14. Qa6 Qd7 15. B@b7 Bd6+ 16. B@g3 O-O 17. Bxc6 
Qe7 18. Bxa8 Ne4 19. P@e5 Nxg3 20. fxg3 Bxe5 21. dxe5 P@g2 22. Rf2 B@e2 
23. gxh4 Bxa6 24. N@g3 Qxh4 25. B@f6 Qxg3+ 26. Kxg3 N@e4+ 27. Kxf3 Q@g3# 
{Lomboc checkmated} 0-1

[Event "fics rated crazyhouse match"]
[Site "fics, Oklahoma City, OK USA"]
[Date "2000.12.25"]
[White "LINDEGREN"]
[WhiteElo "2329"]
[Black "Lomboc"]
[BlackElo "2227"]
[TimeControl "60+0"]
[Result "1-0"]

1. e4 e6 2. Nc3 d5 3. d4 dxe4 4. Nxe4 Nc6 5. Nf3 Be7 6. Bd3 
Nf6 7. Neg5 O-O 8. O-O P@f5 9. P@e5 Nd5 10. c4 Ndb4 11. Bb1 h6 
12. Nxf7 Rxf7 13. P@g6 Rf8 14. a3 Na6 15. b4 Nab8 16. b5 Na5 17. Bd2 
Nxc4 18. Bd3 Nb6 19. Be3 Nd5 20. a4 N@h8 21. Bc4 Nxg6 22. Bxd5 exd5 
23. N@f4 Nxf4 24. Bxf4 P@f7 25. Qe2 B@e4 26. N@d2 Bxf3 27. Nxf3 P@e4 28. B@h5 
exf3 29. Bxf3 N@h4 30. P@f6 gxf6 31. exf6 Bxf6 32. Bxh6 P@g7 33. P@g5 Nxf3+ 
34. Qxf3 N@d2 35. Qd3 P@f3 36. gxf6 Qxf6 37. P@g5 N@e2+ 38. Qxe2 fxe2 39. gxf6 
exf1=Q+ 40. Rxf1 R@g6 41. N@e7+ Kh7 42. Nxg6 Nxf1 43. N@g5+ Kxg6 44. B@h7+ Kxf6 
45. Q@e5# 
{Lomboc checkmated} 1-0

[Event "fics rated crazyhouse match"]
[Site "fics, Oklahoma City, OK USA"]
[Date "2000.12.25"]
[White "spurs"]
[WhiteElo "2201"]
[Black "LINDEGREN"]
[BlackElo "2335"]
[TimeControl "60+0"]
[Result "1-0"]

1. d3 Nf6 2. Nf3 Nc6 3. Nc3 d5 4. Bg5 e6 5. e3 Be7 6. d4 
O-O 7. Bb5 h6 8. Bxc6 bxc6 9. Bxf6 Bxf6 10. h4 B@h5 11. N@f4 Bxf3 
12. Qxf3 B@e4 13. Nxe4 dxe4 14. Qxe4 N@d6 15. P@h7+ Kh8 16. N@g6+ fxg6 17. Nxg6+ 
Kxh7 18. Nxf8+ Kg8 19. Qh7+ Kf7 20. B@g6+ Ke7 21. R@f7+ Nxf7 22. Bxf7 P@d2+ 
23. Kf1 R@c1+ 24. Ke2 Rxa1 25. N@g6+ Kxf7 26. B@g8+ Ke8 27. P@f7# 
{LINDEGREN checkmated} 1-0

[Event "fics rated crazyhouse match"]
[Site "fics, Oklahoma City, OK USA"]
[Date "2000.12.25"]
[White "LINDEGREN"]
[WhiteElo "2324"]
[Black "spurs"]
[BlackElo "2212"]
[TimeControl "60+0"]
[Result "1-0"]

1. e4 e6 2. Nc3 d5 3. d4 Bb4 4. exd5 Bxc3+ 5. bxc3 exd5 6. Nf3 
Qe7+ 7. P@e5 Bg4 8. Be2 N@e4 9. B@h4 P@f6 10. Bd2 Nxd2 11. Qxd2 Bxf3 
12. Bxf3 N@c4 13. Qe2 B@b2 14. O-O Bxc3 15. B@c5 P@d6 16. exd6 Qxe2 17. Bxe2 
Q@d7 18. Bxc4 dxc4 19. P@e7 Nh6 20. Bxf6 Rg8 21. Q@d8# 
{spurs resigns} 1-0

[Event "fics rated crazyhouse match"]
[Site "fics, Oklahoma City, OK USA"]
[Date "2000.12.25"]
[White "spurs"]
[WhiteElo "2206"]
[Black "LINDEGREN"]
[BlackElo "2330"]
[TimeControl "60+0"]
[Result "0-1"]

1. d4 Nf6 2. Nf3 Nc6 3. Nc3 d5 4. Bg5 e6 5. e3 Be7 6. Bb5 
Bd7 7. Bxc6 Bxc6 8. Ne5 O-O 9. h4 B@h5 10. Bxf6 Bxd1 11. Bxe7 Qxe7 
12. Rxd1 B@h5 13. B@f3 Bxf3 14. Nxf3 B@g4 15. B@g5 f6 16. Bf4 Bxf3 17. gxf3 
N@g2+ 18. Ke2 Nxf4+ 19. exf4 B@b5+ 20. B@d3 e5 21. fxe5 Bxd3+ 22. cxd3 fxe5 
23. Kd2 exd4 24. N@f5 P@e3+ 25. Kc2 Rxf5 26. B@g5 N@b4+ 27. Kb1 dxc3 28. Ka1 
N@c2# 
{spurs resigns} 0-1

[Event "fics rated crazyhouse match"]
[Site "fics, Oklahoma City, OK USA"]
[Date "2000.12.25"]
[White "LINDEGREN"]
[WhiteElo "2335"]
[Black "spurs"]
[BlackElo "2201"]
[TimeControl "60+0"]
[Result "1-0"]

1. e4 e6 2. Nc3 d6 3. d4 Be7 4. Bb5+ Nc6 5. Nf3 Bd7 6. O-O 
Nf6 7. d5 exd5 8. exd5 Ne5 9. Nxe5 dxe5 10. P@e6 Bxb5 11. exf7+ Kd7 
12. Nxb5 B@e4 13. B@e6# 
{spurs checkmated} 1-0

[Event "fics rated crazyhouse match"]
[Site "fics, Oklahoma City, OK USA"]
[Date "2000.12.25"]
[White "spurs"]
[WhiteElo "2196"]
[Black "LINDEGREN"]
[BlackElo "2340"]
[TimeControl "60+0"]
[Result "0-1"]

1. d4 Nf6 2. Nc3 Nc6 3. Nf3 d5 4. Bf4 e6 5. e3 Bd6 6. Bb5 
Bxf4 7. exf4 Bd7 8. Bxc6 Bxc6 9. Ne5 O-O 10. B@g5 B@e7 11. Bxf6 Bxf6 
12. N@h5 B@e7 13. N@g4 B@g6 14. Nhxf6+ Bxf6 15. Nxf6+ gxf6 16. B@g5 fxg5 17. B@h6 
gxf4 18. Bxf8 Qxf8 19. Ng4 P@g7 20. Qf3 N@h4 21. Qh3 B@e7 22. O-O-O B@b4 
23. Ne2 N@c4 24. Nxf4 Bxc2 25. P@f6 Bxf6 26. Nxf6+ gxf6 27. Qxh4 P@d3 28. N@h6+ 
Qxh6 29. Qxh6 N@b3+ 30. axb3 N@a2# 
{spurs checkmated} 0-1

[Event "fics rated crazyhouse match"]
[Site "fics, Oklahoma City, OK USA"]
[Date "2000.12.25"]
[White "LINDEGREN"]
[WhiteElo "2345"]
[Black "spurs"]
[BlackElo "2191"]
[TimeControl "60+0"]
[Result "0-1"]

1. e4 d6 2. Nc3 e6 3. d4 Be7 4. Nf3 Bd7 5. Bd3 Nf6 6. O-O 
Nc6 7. d5 exd5 8. exd5 Nb4 9. P@h6 Nbxd5 10. hxg7 Rg8 11. Nxd5 Nxd5 
12. Bxh7 Rxg7 13. Qxd5 N@e2+ 14. Kh1 P@h3 15. N@e3 hxg2+ 16. Nxg2 P@h3 17. N@e3 
hxg2+ 18. Nxg2 P@h3 19. P@g6 hxg2+ 20. Kxg2 N@f4+ 21. Bxf4 Rxg6+ 22. Bxg6 P@h3+ 
23. Kh1 P@g2# 
{LINDEGREN checkmated} 0-1

[Event "fics rated crazyhouse match"]
[Site "fics, Oklahoma City, OK USA"]
[Date "2000.12.25"]
[White "spurs"]
[WhiteElo "2202"]
[Black "LINDEGREN"]
[BlackElo "2334"]
[TimeControl "60+0"]
[Result "1-0"]

1. d4 Nf6 2. Nf3 Nc6 3. Nc3 d5 4. Bf4 e6 5. e3 Bd6 6. Bb5 
Bd7 7. Ne5 Bxe5 8. dxe5 Ne4 9. Nxe4 dxe4 10. N@h5 Rg8 11. B@f6 gxf6 
12. Nxf6+ Qxf6 13. exf6 B@b4+ 14. P@c3 Bf8 15. Bxc6 Bxc6 16. Bxc7 N@d5 17. N@e5 
B@d6 18. P@e7 Bfxe7 19. fxe7 Bxe7 20. Nxc6 bxc6 21. B@b7 Rd8 22. Bxc6+ P@d7 
23. Bxd5 exd5 24. P@f6 N@h4 25. N@d6+ Bxd6 26. Bxd6 Nxg2+ 27. Kd2 N@c4+ 28. Kc1 
N@f5 29. B@e7 P@d3 30. Bxd8 P@d2+ 31. Qxd2 Nxd2 32. B8e7 Nb3+ 33. axb3 B@d2+ 
34. Kb1 dxc2+ 35. Ka2 Q@a5+ 36. P@a4 
{LINDEGREN forfeits on time} 1-0

[Event "fics rated crazyhouse match"]
[Site "fics, Oklahoma City, OK USA"]
[Date "2000.12.25"]
[White "LINDEGREN"]
[WhiteElo "2323"]
[Black "spurs"]
[BlackElo "2213"]
[TimeControl "60+0"]
[Result "1-0"]

1. e4 e6 2. Nc3 d5 3. d4 dxe4 4. Nxe4 Nc6 5. Nf3 Nf6 6. Neg5 
Nd5 7. Bb5 Bb4+ 8. c3 Bd6 9. Bxc6+ bxc6 10. P@e5 Bf8 11. Nxf7 Kxf7 
12. Ng5+ Ke7 13. P@e4 Nb6 14. O-O Ba6 15. d5 P@e2 16. d6+ cxd6 17. Qxd6+ 
Qxd6 18. exd6+ Kxd6 19. Bf4+ Kd7 20. Q@c7+ Ke8 21. P@f7# 
{spurs checkmated} 1-0

[Event "fics rated crazyhouse match"]
[Site "fics, Oklahoma City, OK USA"]
[Date "2000.12.25"]
[White "spurs"]
[WhiteElo "2207"]
[Black "LINDEGREN"]
[BlackElo "2329"]
[TimeControl "60+0"]
[Result "0-1"]

1. d4 e6 2. Nf3 Nc6 3. Nc3 d5 4. Bg5 f6 5. Bh4 Nge7 6. e3 
Nf5 7. Bb5 Bb4 8. e4 dxe4 9. Nd2 Nxh4 10. Rg1 Bxc3 11. bxc3 B@g6 
12. Bxc6+ bxc6 13. B@h5 O-O 14. Bxg6 hxg6 15. Nxe4 B@f5 16. Ng3 B@h6 17. B@d2 
P@f4 18. Ne2 N@d5 19. N@d3 e5 20. dxe5 Bxd3 21. cxd3 fxe5 22. B@c4 P@e3 
23. Bxd5+ cxd5 24. fxe3 fxe3 25. N@g4 exd2+ 26. Qxd2 Bxd2+ 27. Kd1 N@f2+ 28. Kxd2 
Nxg4 29. P@h7+ Kxh7 30. P@e3 B@h6 31. P@f2 d4 32. cxd4 exd4 33. Nxd4 Qxd4 
{spurs resigns} 0-1

[Event "fics rated crazyhouse match"]
[Site "fics, Oklahoma City, OK USA"]
[Date "2000.12.25"]
[White "LINDEGREN"]
[WhiteElo "2334"]
[Black "Thufir"]
[BlackElo "2338"]
[TimeControl "60+0"]
[Result "0-1"]

1. e4 e6 2. Nc3 d6 3. d4 Bd7 4. Nf3 Nf6 5. Bd3 Be7 6. O-O 
Nc6 7. e5 Nxd4 8. exf6 Nxf3+ 9. Qxf3 Bxf6 10. N@h5 N@e5 11. Nxf6+ gxf6 
12. N@g7+ Ke7 13. Qg3 Rg8 14. B@h6 Bc6 15. Bxh7 N@h5 16. Nxh5 Rxg3 17. Nxg3 
P@h4 18. P@g5 hxg3 19. gxf6+ Kd7 20. hxg3 N@f3+ 21. gxf3 Nxf3+ 22. Kg2 Q@h2# 
{LINDEGREN checkmated} 0-1

[Event "fics rated crazyhouse match"]
[Site "fics, Oklahoma City, OK USA"]
[Date "2000.12.25"]
[White "Thufir"]
[WhiteElo "2346"]
[Black "LINDEGREN"]
[BlackElo "2326"]
[TimeControl "60+0"]
[Result "1-0"]

1. e4 Nf6 2. e5 Nc6 3. exf6 gxf6 4. d3 d5 5. Nf3 Rg8 6. Rg1 
Bg4 7. Nbd2 e5 8. Be2 Qe7 9. N@e3 Bxf3 10. Bxf3 N@d4 11. Nxd5 Qd6 
12. P@c5 Nxf3+ 13. Qxf3 Qxc5 14. Nxf6+ Kd8 15. Nxg8 B@d5 16. N@e4 Bxe4 17. Nxe4 
Qa5+ 18. B@c3 P@b4 19. B3d2 P@f4 20. B@g5+ Kc8 21. Nef6 N@d4 22. P@d7# 
{LINDEGREN resigns} 1-0